 Dungeon Sprint DCSS version 0.21.2 (webtiles) character file.

12193 Fang the Severer (level 11, 0/82 HPs)
             Began as a Gargoyle Berserker on Oct 2, 2018.
             Was the Champion of Trog.
             Slain by a fire giant
             ... wielding a +2 great sword of flaming
              (10 damage)
             ... in the Dungeon (Sprint IX: "|||||||||||||||||||||||||||||") on Oct 3, 2018.
             The game lasted 00:08:06 (2558 turns).

Fang the Severer (Gargoyle Berserker)               Turns: 2558, Time: 00:08:06

Health: 0/82       AC: 30    Str: 25    XL:     11   Next: 89%
Magic:  11/11      EV: 11    Int:  7    God:    Trog [******]
Gold:   1927       SH:  0    Dex: 15    Spells: 10/10 levels left

rFire    . . .     SeeInvis .   z - +1 battleaxe "Ybytuv" {holy, rElec Dex+3}
rCold    . . .     Gourm    .   (shield currently unavailable)
rNeg     + . .     Faith    .   C - +0 plate armour of the Inquisitive Songs {MR+}
rPois    ∞         Spirit   .   p - +1 helmet
rElec    +         Reflect  .   A - +1 cloak {rPois}
rCorr    .         Harm     .   (no gloves)
MR       +....     NoTele   +   (no boots)
Stlth    ..........             (no amulet)
HPRegen  0.23/turn              n - +3 ring of dexterity
MPRegen  0.12/turn              o - +2 ring of protection

@: berserk cooldown, slowed, very slow
A: negative energy resistance 1, electricity resistance, unbreathing,
petrification resistance, rot immunity, AC +8
a: Berserk, Trog's Hand, Brothers in Arms, Burn Spellbooks, Renounce Religion


You were in the Dungeon.
You worshipped Trog.
Trog was exalted by your worship.
You were very hungry.

You visited 1 branch You collected 1927 gold pieces.

Inventory:

Hand Weapons
 m - a +3 war axe of chopping
 t - a +1 executioner's axe of distortion
 u - a +5 antimagic war axe
 w - a +6 broad axe of flaming
 z - the +1 battleaxe "Ybytuv" (weapon) {holy, rElec Dex+3}
   (You found it in the Dungeon)

   It has been blessed by the Shining One to cause great damage to the undead
   and demons.
   It affects your dexterity (+3).
   It insulates you from electricity.
Armour
 p - a +1 helmet (worn)
 A - a +1 cloak of poison resistance (worn)
 B - a +2 plate armour
 C - the +0 plate armour of the Inquisitive Songs (worn) {MR+}
   (You found it in the Dungeon)

   It affects your resistance to hostile enchantments.
Jewellery
 n - a +3 ring of dexterity (left hand)
 o - a +2 ring of protection (right hand)
 v - an uncursed ring of ice
 x - an uncursed ring of fire
 y - an uncursed ring of protection from fire
Wands
 l - a wand of acid (10)
Scrolls
 b - 4 scrolls of enchant armour
 i - 3 scrolls of blinking
 k - 2 scrolls of remove curse
 q - 3 scrolls of fog
 r - a scroll of identify
 s - 2 scrolls of fear
Potions
 a - 3 potions of brilliance
 d - 7 potions of curing
 e - 7 potions of heal wounds
 f - 2 potions of haste
 g - 4 potions of magic
 h - a potion of berserk rage
 j - a potion of invisibility
 D - a potion of resistance
Comestibles
 c - 11 rations


   Skills:
 + Level 15.5 Fighting
 + Level 18.6 Axes
 + Level 12.1 Armour
 + Level 7.0 Dodging
 + Level 3.0 Stealth


You had 10 spell levels left.
You didn't know any spells.

Dungeon Overview and Level Annotations

Branches:
Dungeon (1/1)

Altars:
Cheibriados
Dithmenos
Elyvilon
Fedhas
Gozag
Hepliaklqana
Kikubaaqudgha
Makhleb
Nemelex Xobeh
Okawaru
Qazlal
Ru
Sif Muna
Trog
Uskayaw
Vehumet
Wu Jian
Xom
Yredelemnul
Zin
The Shining One
Beogh
Jiyva
Lugonu

Shops:
D %?%*


Innate Abilities, Weirdness & Mutations

You are resistant to torment.
Your stone body is resilient. (AC +8)
You are immune to poison.
You resist negative energy. (rN+)
You are resistant to electric shocks. (rElec)
You can survive without breathing.
You are immune to petrification.
You are immune to rotting.


Message History

The fire giant barely misses you.
An ettin comes into view.
It is wielding a dire flail and a great mace.
Unknown command.
You hit the fire giant but do no damage.
The fire giant is severely wounded.
The fire giant points at you and mumbles some strange words.
The bolt of fire misses you.
A brown ugly thing comes into view.
Unknown command.
The brown ugly thing gurgles horribly!
You slice the fire giant!!
The fire giant is almost dead.
The fire giant points at you and mumbles some strange words.
The bolt of fire hits you!
Ouch! That really hurt!
* * * LOW HITPOINT WARNING * * *
You hit the fire giant.
The fire giant is almost dead.
The fire giant hits you with a great sword of flaming!
You die...

.[[[[..')[()........).........÷..
▓▓▓▓▓▓▓▓▓▓▓▓▓▓▓▓▓▓▓▓▓▓▓▓▓▓▓▓▓▓▓▓▓
.........................).......
▓▓▓▓▓▓▓▓▓▓▓▓▓▓▓▓▓▓▓▓▓▓▓▓▓▓▓▓▓▓▓▓▓
...'.....∩(∩.∩(∩..).)))..(..).)))
▓▓▓▓▓▓▓▓▓▓▓▓▓▓▓▓▓▓▓▓▓▓▓▓▓▓▓▓▓▓▓▓▓
...........................(..(..
▓▓▓▓▓▓▓▓▓▓▓▓▓▓▓▓▓▓▓▓▓▓▓▓▓▓▓▓▓▓▓▓▓
uCCGCuC@†††)...........[
▓▓▓▓▓▓▓▓▓▓▓▓▓▓▓▓▓▓▓▓▓▓▓▓


You could see a white very ugly thing, a fire giant, a brown ugly thing, 3
ettins and a glowing orange brain.

Vanquished Creatures
  An ogre mage (D)
  Josephine (D)
  A centaur warrior (D)
  A two-headed ogre (D)
  Urug (D)
  2 black mambas (D)
  A spiny frog (D)
  2 komodo dragons (D)
  2 polar bears (D)
  A blink frog (D)
  5 wraiths (D)
  A steam dragon (D)
  Eustachio (D)
  A vampire mosquito (D)
  A porcupine (D)
  An ice beast (D)
  A black bear (shapeshifter) (D)
  6 black bears (D)
  An ogre (D)
  2 wolves (D)
  A centaur (D)
  2 crocodiles (D)
  A big kobold (D)
  3 bullfrogs (D)
  4 crimson imps (D)
  An orc wizard (D)
  4 orc priests (D)
  An adder (D)
  A shadow imp (D)
  An ooze (D)
  A dart slug (D)
  3 orcs (D)
  A bat zombie (D)
  2 giant cockroaches (D)
  A bat (D)
  A kobold (D)
  A rat (D)
62 creatures vanquished.

Vanquished Creatures (collateral kills)
  A death knight (D)
  An orc high priest (D)
  9 orc knights (D)
  A water moccasin (D)
  A porcupine (D)
  16 orc warriors (D)
  A crocodile (D)
  An orc priest (D)
  2 orc wizards (D)
  3 orcs (D)
36 creatures vanquished.

Grand Total: 98 creatures vanquished

Notes
Turn   | Place    | Note
-------+----------+-------------------------------------------
     0 | D        | Fang the Gargoyle Berserker began the quest for the Orb.
     0 | D        | Reached XP level 1. HP: 14/14 MP: 1/1
    10 | D        | Reached skill level 3 in Axes
    11 | D        | Reached ** piety under Trog
    81 | D        | Noticed a crimson imp
    94 | D        | Reached skill level 4 in Axes
    94 | D        | Reached XP level 2. HP: 20/20 MP: 2/2
    96 | D        | Reached *** piety under Trog
   104 | D        | Reached XP level 3. HP: 16/25 MP: 3/3
   128 | D        | Reached skill level 5 in Fighting
   128 | D        | Reached skill level 5 in Axes
   128 | D        | Reached XP level 4. HP: 16/32 MP: 4/4
   293 | D        | Found a roughly hewn altar of Beogh.
   293 | D        | Found a snail-covered altar of Cheibriados.
   293 | D        | Found a shadowy altar of Dithmenos.
   293 | D        | Found a white marble altar of Elyvilon.
   293 | D        | Found a blossoming altar of Fedhas.
   293 | D        | Found an opulent altar of Gozag.
   294 | D        | Found a hazy altar of Hepliaklqana.
   295 | D        | Found a viscous altar of Jiyva.
   296 | D        | Found an ancient bone altar of Kikubaaqudgha.
   297 | D        | Found a corrupted altar of Lugonu.
   298 | D        | Found a burning altar of Makhleb.
   299 | D        | Found a sparkling altar of Nemelex Xobeh.
   300 | D        | Found an iron altar of Okawaru.
   301 | D        | Found a stormy altar of Qazlal.
   302 | D        | Found a sacrificial altar of Ru.
   303 | D        | Found a deep blue altar of Sif Muna.
   304 | D        | Found a bloodstained altar of Trog.
   305 | D        | Found a hide-covered altar of Uskayaw.
   306 | D        | Found a radiant altar of Vehumet.
   307 | D        | Found an ornate altar of the Wu Jian Council.
   308 | D        | Found a shimmering altar of Xom.
   309 | D        | Found a basalt altar of Yredelemnul.
   310 | D        | Found a glowing silver altar of Zin.
   311 | D        | Found a glowing golden altar of the Shining One.
   356 | D        | Noticed a two-headed ogre
   356 | D        | Noticed a steam dragon
   356 | D        | Noticed a big kobold
   359 | D        | Reached **** piety under Trog
   359 | D        | Reached skill level 6 in Axes
   361 | D        | Killed a big kobold
   361 | D        | Reached skill level 7 in Axes
   361 | D        | Reached XP level 5. HP: 38/38 MP: 5/5
   365 | D        | Killed a steam dragon
   365 | D        | Reached skill level 8 in Axes
   365 | D        | Reached XP level 6. HP: 45/45 MP: 6/6
   369 | D        | Killed a two-headed ogre
   369 | D        | Reached skill level 10 in Fighting
   369 | D        | Reached skill level 11 in Axes
   369 | D        | Reached skill level 5 in Armour
   369 | D        | Reached skill level 5 in Dodging
   369 | D        | Reached skill level 1 in Stealth
   369 | D        | Reached XP level 7. HP: 53/53 MP: 7/7
   369 | D        | Reached XP level 8. HP: 59/59 MP: 8/8
   374 | D        | Reached ***** piety under Trog
   463 | D        | Noticed a death knight
   463 | D        | Noticed a centaur warrior
   467 | D        | Killed a centaur warrior
   467 | D        | Reached skill level 12 in Axes
   469 | D        | Reached XP level 9. HP: 65/65 MP: 9/9
   480 | D        | Reached skill level 13 in Axes
   490 | D        | Killed a death knight
   741 | D        | Noticed a spiny frog
   744 | D        | Noticed a komodo dragon
   756 | D        | Noticed a komodo dragon
   761 | D        | Reached skill level 14 in Axes
   771 | D        | Killed a spiny frog
   777 | D        | Killed a komodo dragon
   777 | D        | Received a gift from Trog
   784 | D        | Killed a komodo dragon
   784 | D        | Reached XP level 10. HP: 25/73 MP: 10/10
  1012 | D        | Noticed a black mamba
  1018 | D        | Noticed a black mamba
  1022 | D        | Killed a black mamba
  1022 | D        | Reached skill level 15 in Axes
  1037 | D        | Killed a black mamba
  1221 | D        | Reached ****** piety under Trog
  1232 | D        | Received a gift from Trog
  1321 | D        | Noticed Eustachio
  1338 | D        | Killed Eustachio
  1349 | D        | Noticed Joseph
  1355 | D        | Banished Joseph
  1355 | D        | Reached skill level 16 in Axes
  1433 | D        | Received a gift from Trog
  1451 | D        | Received a gift from Trog
  1799 | D        | Received a gift from Trog
  1804 | D        | Noticed an orc knight
  1804 | D        | Reached XP level 11. HP: 80/80 MP: 3/11
  1806 | D        | Noticed an orc knight
  1807 | D        | Killed an orc knight
  1808 | D        | Noticed an orc high priest
  1815 | D        | Killed an orc knight
  1815 | D        | Reached skill level 10 in Armour
  1816 | D        | Noticed a sixfirhy
  1818 | D        | Killed an orc high priest
  1883 | D        | Found Zoine's General Store.
  1883 | D        | Noticed an orc knight
  1883 | D        | Noticed an orc knight
  1888 | D        | Killed an orc knight
  1893 | D        | Killed an orc knight
  1893 | D        | Received a gift from Trog
  1893 | D        | Reached skill level 17 in Axes
  1903 | D        | Noticed an orc knight
  1907 | D        | Killed an orc knight
  1907 | D        | Received a gift from Trog
  1923 | D        | Found Fenuth's Food Shop.
  1927 | D        | Found Wuphos's Magic Scroll Boutique.
  1931 | D        | Found Gotwuama's Food Shop.
  1933 | D        | Noticed an orc knight
  1936 | D        | Noticed an orc knight
  1937 | D        | Noticed an orc knight
  1943 | D        | Killed an orc knight
  1945 | D        | Noticed an orc knight
  1945 | D        | Killed an orc knight
  1948 | D        | Killed an orc knight
  1948 | D        | Reached skill level 15 in Fighting
  1950 | D        | Killed an orc knight
  2036 | D        | Noticed Urug
  2049 | D        | Killed Urug
  2111 | D        | Noticed Josephine
  2124 | D        | Killed Josephine
  2124 | D        | Reached skill level 18 in Axes
  2431 | D        | Got the +1 battleaxe "Ybytuv" {holy, rElec Dex+3}
  2472 | D        | Got the cursed +0 plate armour of the Inquisitive Songs {MR+}
  2529 | D        | Received a gift from Trog
  2535 | D        | Noticed an ogre mage
  2537 | D        | Noticed an ettin
  2541 | D        | Noticed a fire giant
  2543 | D        | Noticed a glowing orange brain
  2546 | D        | Noticed a white very ugly thing
  2547 | D        | Killed an ogre mage
  2555 | D        | Noticed an ettin
  2556 | D        | Noticed an ettin
  2557 | D        | Noticed a brown ugly thing
  2558 | D        | Slain by a fire giant

Skill      XL: |  1  2  3  4  5  6  7  8  9 10 11 |
---------------+----------------------------------+-----
Axes           | 4 5 7 8 11 12 14 16 18 | 18.6
Fighting       | 4 5 7 8 10 11 13 14 15 | 15.5
Dodging        | 2 3 4 5 6 7 |  7.0
Armour         | 3 5 6 7 9 12 | 12.1
Stealth        | 1 2 3 |  3.0

Action                   |  1- 3 |  4- 6 |  7- 9 | 10-12 || total
-------------------------+-------+-------+-------+-------++-------
Melee: Hand axe          |    48 |       |       |       ||    48
       War axe           |       |    11 |    63 |    33 ||   107
       Executioner's axe |       |       |       |    69 ||    69
       Battleaxe         |       |       |       |    27 ||    27
Invok: Berserk           |     1 |     1 |     1 |     4 ||     7
       Brothers in Arms  |       |       |     2 |     6 ||     8
  Use: Scroll            |       |       |       |     1 ||     1
  Eat: Chunk             |       |       |     1 |    13 ||    14
Armor: Animal skin       |    20 |       |       |       ||    20
       Plate armour      |       |     5 |    26 |   100 ||   131
Dodge: Dodged            |    36 |     3 |    23 |    63 ||   125
